[Event "42nd Olympiad Baku 2016 Women"]
[Site "Baku"]
[Date "2016.09.02"]
[Round "1.24"]
[White "Alaoui Belghiti, Chaimaa"]
[Black "Nguyen, Thi Thanh An"]
[Result "0-1"]
[ECO "A10"]
[WhiteElo "1654"]
[BlackElo "2249"]
[PlyCount "64"]
[EventDate "2016.??.??"]
[EventCountry "AZE"]
[WhiteTeam "Marokko"]
[BlackTeam "Vietnam"]
[WhiteTeamCountry "MAR"]
[BlackTeamCountry "VIE"]
[TimeControl "40/5400+30:1800+30"]
[WhiteClock "0:01:24"]
[BlackClock "0:23:39"]

1. c4 {(00:00} g6 {(00:00} 2. Nc3 {(00:00} Bg7 {
(00:00} 3. g3 {(00:10} Nc6 {(00:49} 4. Bg2 {(00:
14} e5 {(01:08} 5. Nf3 {(01:45} Nge7 {(00:48} 6. O-O {
(00:36} d6 {(00:27} 7. d3 {(05:32} O-O {(00:18}
8. Rb1 {(06:35} a5 {(00:41} 9. Bg5 {(02:36} h6 {
(00:18} 10. Bd2 {(00:10} Be6 {(01:23} 11. a3 {(
00:52} Qd7 {(02:00} 12. b4 {(01:27} axb4 {(00:28} 13.
axb4 {(00:15} Bh3 {(08:48} 14. Ne4 {(04:55} Bxg2 {
(01:30} 15. Kxg2 {(02:26} f5 {(00:22} 16. Nc3 {(
00:19} g5 {(03:53} 17. e3 {(05:51} Ng6 {(02:54} 18. b5
{(06:54} Nd8 {(02:29} 19. Ne1 {(06:48} Ne6 {(02:
10} 20. Nd5 {(00:32} Rae8 {(02:26} 21. Kg1 {(19:02}
Qf7 {(12:57} 22. f4 {(06:31} c6 {(10:56} 23. bxc6 {
(01:01} bxc6 {(00:06} 24. Nb4 {(00:47} gxf4 {(
04:12} 25. exf4 {(02:01} Nd4 {(06:28} 26. fxe5 {(06:15]
} Nxe5 {(02:04} 27. Bf4 {(02:12} Ng4 {(06:22} 28. h4 {
(15:06} Ne2+ {(04:12} 29. Kg2 {(01:09} Nxf4+ {(
00:12} 30. Kh1 {(00:32} Ne2 {(00:23} 31. Qb3 {(01:32}
Nxg3+ {(00:17} 32. Kg1 {(00:31} Bd4+ {(01:20} 0-1

[Event "42nd Olympiad Baku 2016 Women"]
[Site "Baku"]
[Date "2016.09.02"]
[Round "1.15"]
[White "Alarcon, Pamela"]
[Black "Hojjatova, Aydan"]
[Result "0-1"]
[ECO "E00"]
[WhiteElo "1834"]
[BlackElo "2339"]
[PlyCount "48"]
[EventDate "2016.??.??"]
[EventCountry "AZE"]
[WhiteTeam "Nicaragua"]
[BlackTeam "Aserbeidschan"]
[WhiteTeamCountry "NCA"]
[BlackTeamCountry "AZE"]
[TimeControl "40/5400+30:1800+30"]
[WhiteClock "0:13:33"]
[BlackClock "0:55:46"]

1. d4 {(00:00} e6 {(00:00} 2. c4 {(00:30} Nf6 {(
00:00} 3. a3 {(01:14} d5 {(00:12} 4. Nc3 {(00:07} c5 {
(00:37} 5. e3 {(00:06} dxc4 {(00:36} 6. Bxc4 {(
00:13} a6 {(00:34} 7. Nf3 {(06:21} b5 {(03:08} 8. Bd3
{(01:17} Bb7 {(01:25} 9. O-O {(07:03} Nbd7 {(01:
14} 10. Re1 {(04:02} Be7 {(04:39} 11. Rb1 {(14:04} Rc8
{(07:59} 12. Bd2 {(00:24} O-O {(00:24} 13. b4 {(
02:58} cxd4 {(02:37} 14. exd4 {(16:47} Nb6 {(00:22}
15. Ne4 {(08:09} Nxe4 {(06:56} 16. Bxe4 {(04:29} Bxe4 {
(00:38} 17. Rxe4 {(00:07} Nc4 {(00:04} 18. Bc1 {
(00:16} Bf6 {(01:11} 19. Rb3 {(00:15} Qd5 {(01:
09} 20. Re1 {(01:32} Rfd8 {(08:32} 21. Be3 {(17:25} e5
{(00:52} 22. Qa1 {(00:20} exd4 {(00:35} 23. Bxd4 {
(00:29} Bxd4 {(02:14} 24. Nxd4 {(00:19} Qxd4 {(
00:16} 0-1

[Event "42nd Olympiad Baku 2016 Women"]
[Site "Baku"]
[Date "2016.09.02"]
[Round "1.3"]
[White "Aliaga Fernandez, Ingrid Y"]
[Black "Pasipanodya, Valentine"]
[Result "1-0"]
[ECO "C50"]
[WhiteElo "2096"]
[BlackElo "1594"]
[PlyCount "87"]
[EventDate "2016.??.??"]
[EventCountry "AZE"]
[WhiteTeam "Peru"]
[BlackTeam "Simbabwe"]
[WhiteTeamCountry "PER"]
[BlackTeamCountry "ZIM"]
[TimeControl "40/5400+30:1800+30"]
[WhiteClock "0:35:35"]
[BlackClock "0:35:57"]

1. e4 {(00:00} e5 {(00:00} 2. Nf3 {(00:00} Nc6 {
(00:00} 3. d4 {(00:00} exd4 {(00:00} 4. Bc4 {(
01:32} Be7 {(01:17} 5. O-O {(04:36} d6 {(02:03} 6.
Nxd4 {(00:08} Nf6 {(01:34} 7. Nc3 {(03:04} O-O {
(00:17} 8. h3 {(00:31} Ne5 {(06:39} 9. Be2 {(00:
20} Re8 {(02:32} 10. Be3 {(16:38} Bd7 {(15:01} 11. Qd2
{(10:04} h6 {(02:55} 12. Rad1 {(05:32} Bc6 {(14:
49} 13. f4 {(05:10} Ng6 {(02:07} 14. Nxc6 {(01:08}
bxc6 {(00:20} 15. Bf2 {(00:17} c5 {(09:19} 16. Bf3 {
(19:06} Rb8 {(00:22} 17. b3 {(00:11} Qc8 {(05:
21} 18. Rfe1 {(01:00} Nh7 {(01:10} 19. Nd5 {(01:50}
Bh4 {(03:57} 20. Bg4 {(03:50} Bxf2+ {(00:28} 21. Qxf2 {
(00:07} Qd8 {(04:24} 22. Bh5 {(04:18} Nf6 {(02:
36} 23. Bxg6 {(02:04} fxg6 {(00:15} 24. Nc3 {(00:15}
Qc8 {(04:04} 25. e5 {(06:34} dxe5 {(00:18} 26. fxe5 {
(00:07} Nd7 {(00:39} 27. e6 {(02:12} Nf6 {(00:
19} 28. Qxc5 {(04:37} Rxe6 {(01:16} 29. Qxa7 {(02:32}
Rxe1+ {(02:41} 30. Rxe1 {(00:07} Ra8 {(01:08} 31. Qc5 {
(01:58} Qf5 {(01:07} 32. Qxf5 {(00:43} gxf5 {(
00:15} 33. Re5 {(00:22} g6 {(03:38} 34. Rc5 {(00:38}
Ra7 {(02:19} 35. a4 {(00:11} Kf7 {(00:27} 36. Nb5 {
(00:31} Ne4 {(03:31} 37. Rxf5+ {(01:38} gxf5 {(
00:14} 38. Nxa7 {(00:06} Ke7 {(00:21} 39. Nb5 {(00:17}
Kd7 {(00:29} 40. Kf1 {(00:00} Kc8 {(00:00} 41. Ke2 {
(01:09} Kb7 {(03:07} 42. Ke3 {(00:22} c6 {(01:
38} 43. Nd4 {(00:10} c5 {(00:36} 44. Nxf5 1-0

[Event "42nd Olympiad Baku 2016 Women"]
[Site "Baku"]
[Date "2016.09.02"]
[Round "1.12"]
[White "Almanzar Vasquez, Jennifer Maria"]
[Black "Dragomirescu, Angela"]
[Result "0-1"]
[ECO "B08"]
[WhiteElo "1768"]
[BlackElo "2227"]
[PlyCount "86"]
[EventDate "2016.??.??"]
[EventCountry "AZE"]
[WhiteTeam "Dominikanische Republik"]
[BlackTeam "Rumänien"]
[WhiteTeamCountry "DOM"]
[BlackTeamCountry "ROU"]
[TimeControl "40/5400+30:1800+30"]
[WhiteClock "0:44:26"]
[BlackClock "0:27:30"]

1. e4 {(00:00} g6 {(00:12} 2. d4 {(00:28} d6 {(
00:34} 3. Nf3 {(01:15} Bg7 {(00:07} 4. Nc3 {(01:52}
Nf6 {(04:09} 5. Be2 {(06:46} O-O {(00:07} 6. O-O {
(00:05} c6 {(11:01} 7. a4 {(04:09} Qc7 {(01:05}
8. Re1 {(03:01} e5 {(00:58} 9. Bc4 {(02:12} Bg4 {
(08:14} 10. Be3 {(02:59} Nxe4 {(14:11} 11. Nxe4 {
(03:48} d5 {(00:34} 12. h3 {(03:43} Bxf3 {(14:
08} 13. Qxf3 {(01:40} Nd7 {(09:03} 14. Bb3 {(07:50}
exd4 {(03:33} 15. Bf4 {(01:48} dxe4 {(03:23} 16. Qxe4 {
(00:55} Qd8 {(12:14} 17. Bd6 {(05:03} Re8 {(03:
26} 18. Qf4 {(04:49} Qf6 {(00:18} 19. Rad1 {(03:01}
Qxf4 {(00:28} 20. Bxf4 {(00:03} Nc5 {(00:10} 21. Bd6 {
(03:25} Nxb3 {(02:06} 22. cxb3 {(00:01} Rad8 {(
00:51} 23. Rxe8+ {(01:19} Rxe8 {(00:04} 24. Rd2 {(02:
37} Rd8 {(02:09} 25. Bc7 {(03:05} Rd7 {(00:31} 26. Bb8
{(01:23} a6 {(03:26} 27. Kf1 {(03:52} Bh6 {(01:
33} 28. f4 {(01:50} Bg7 {(00:46} 29. Ba7 {(00:57} f5 {
(00:26} 30. Ke2 {(01:02} Re7+ {(00:56} 31. Kd3 {
(01:21} Re4 {(03:27} 32. Bb8 {(01:32} Re3+ {(00:
55} 33. Kc2 {(03:56} Kf7 {(00:09} 34. Rd3 {(01:06} Re4
{(00:22} 35. Rd2 {(03:05} Ke6 {(00:10} 36. b4 {(
01:30} Kd5 {(00:24} 37. b3 {(00:24} Bf8 {(01:24} 38.
b5 {(02:19} axb5 {(00:12} 39. axb5 {(00:03} Bb4 {
(00:50} 40. bxc6 {(00:00} bxc6 {(00:00} 41. Rf2 {
(02:53} Re3 {(02:29} 42. Be5 {(03:15} Ke4 {(01:
59} 43. g4 {(00:42} d3+ {(00:56} 0-1

[Event "42nd Olympiad Baku 2016 Women"]
[Site "Baku"]
[Date "2016.09.02"]
[Round "1.1"]
[White "Antonova, Nadezhda"]
[Black "Krush, Irina"]
[Result "0-1"]
[ECO "D05"]
[WhiteElo "2015"]
[BlackElo "2444"]
[PlyCount "54"]
[EventDate "2016.??.??"]
[EventCountry "AZE"]
[WhiteTeam "Tadschikistan"]
[BlackTeam "Vereinigte Staaten"]
[WhiteTeamCountry "TJK"]
[BlackTeamCountry "USA"]
[TimeControl "40/5400+30:1800+30"]
[WhiteClock "0:00:32"]
[BlackClock "0:21:09"]

1. d4 {(00:00} Nf6 {(00:00} 2. Nf3 {(00:30} e6 {
(00:14} 3. e3 {(01:14} d5 {(01:25} 4. Bd3 {(01:
54} c5 {(00:11} 5. c3 {(01:35} Nbd7 {(03:44} 6. Nbd2 {
(03:23} b6 {(11:23} 7. Ne5 {(10:11} Bb7 {(00:28]
} 8. O-O {(02:12} Be7 {(01:05} 9. f4 {(00:47} O-O {
(00:30} 10. Qf3 {(01:20} Ne8 {(04:43} 11. g4 {(
23:02} Nd6 {(06:16} 12. f5 {(15:03} f6 {(17:27} 13.
Nxd7 {(09:04} Qxd7 {(00:10} 14. dxc5 {(07:10} bxc5 {
(02:44} 15. e4 {(00:30} c4 {(12:30} 16. Bc2 {(
11:48} exf5 {(00:41} 17. gxf5 {(05:09} Nf7 {(00:08}
18. Re1 {(03:17} Bc5+ {(00:44} 19. Kf1 {(00:37} Rfe8 {
(03:11} 20. h4 {(00:37} Re5 {(02:28} 21. exd5 {(
00:34} Bxd5 {(03:32} 22. Rxe5 {(00:31} Bxf3 {(01:16}
23. Rxc5 {(00:02} Qd6 {(03:37} 24. Rxc4 {(00:34} Bb7 {
(00:22} 25. Ne4 {(00:45} Qh2 {(02:06} 26. Nf2 {(
00:40} Qg2+ {(01:07} 27. Ke2 {(00:29} Re8+ {(00:19}
0-1

[Event "42nd Olympiad Baku 2016 Women"]
[Site "Baku"]
[Date "2016.09.02"]
[Round "1.16"]
[White "Aranaz Murillo, Amalia"]
[Black "Kruk, Karina"]
[Result "1-0"]
[ECO "E63"]
[WhiteElo "2279"]
[BlackElo "1766"]
[PlyCount "89"]
[EventDate "2016.??.??"]
[EventCountry "AZE"]
[WhiteTeam "Spanien"]
[BlackTeam "Irland"]
[WhiteTeamCountry "ESP"]
[BlackTeamCountry "IRL"]
[TimeControl "40/5400+30:1800+30"]
[WhiteClock "1:30:34"]
[BlackClock "0:27:36"]

1. Nf3 {(00:00} Nf6 {(00:00} 2. c4 {(00:00} g6 {
(00:00} 3. g3 {(00:02} Bg7 {(00:00} 4. Bg2 {(00:
14} O-O {(00:01} 5. O-O {(00:08} d6 {(00:12} 6. d4 {
(00:26} Nc6 {(01:40} 7. Nc3 {(00:07} a6 {(00:27]
} 8. d5 {(01:14} Na5 {(00:11} 9. b3 {(00:55} Rb8 {
(02:05} 10. Bg5 {(02:40} c5 {(06:42} 11. dxc6 {(
00:50} bxc6 {(01:02} 12. Rc1 {(02:35} h6 {(15:37} 13.
Be3 {(05:38} Ng4 {(17:48} 14. Bd2 {(00:19} Bd7 {
(18:58} 15. h3 {(04:40} Ne5 {(00:27} 16. Nxe5 {(
01:12} dxe5 {(00:02} 17. Na4 {(03:03} Be6 {(04:48} 18.
Nc5 {(03:40} Bc8 {(02:03} 19. b4 {(02:30} Qd6 {(
02:37} 20. Ne4 {(00:54} Qc7 {(03:02} 21. bxa5 {(00:15}
Rd8 {(02:34} 22. Rc2 {(02:22} Bf5 {(07:24} 23. g4 {
(01:56} Bxe4 {(00:37} 24. Bxe4 {(00:09} Rd4 {(
00:17} 25. Bg2 {(00:55} Rbd8 {(00:15} 26. Qc1 {(00:21}
Kh7 {(01:09} 27. Be3 {(00:15} c5 {(04:47} 28. Bxd4 {
(00:13} exd4 {(00:01} 29. Qa3 {(02:44} Rd6 {(04:
25} 30. Rb1 {(02:11} Rf6 {(02:45} 31. Rb7 {(00:32} Qf4
{(00:22} 32. Qg3 {(00:14} Qxg3 {(01:19} 33. fxg3 {
(00:06} Re6 {(00:15} 34. Rb6 {(02:29} Re3 {(01:
23} 35. Rxa6 {(00:40} Rxg3 {(00:22} 36. Rb6 {(01:21}
Ra3 {(00:19} 37. a6 {(00:08} Be5 {(00:41} 38. Rb7 {
(00:42} Rxa6 {(00:36} 39. Rxe7 {(00:07} Bg7 {(
01:03} 40. Rxf7 {(00:00} Rb6 {(00:00} 41. Rb7 {(01:22}
Rd6 {(01:26} 42. Bd5 {(00:24} Ra6 {(02:24} 43. Rcb2 {
(00:22} d3 {(00:25} 44. exd3 {(00:13} Ra3 {(01:
53} 45. Rd7 {(00:48} 1-0

[Event "42nd Olympiad Baku 2016 Women"]
[Site "Baku"]
[Date "2016.09.02"]
[Round "1.27"]
[White "Arbona Avila, Zaily M"]
[Black "Bogdan, Ekaterina"]
[Result "0-1"]
[ECO "C02"]
[WhiteElo "1535"]
[BlackElo "2120"]
[PlyCount "92"]
[EventDate "2016.??.??"]
[EventCountry "AZE"]
[WhiteTeam "ARU"]
[BlackTeam "Weißrussland"]
[BlackTeamCountry "BLR"]
[TimeControl "40/5400+30:1800+30"]
[WhiteClock "0:45:18"]
[BlackClock "0:26:01"]

1. e4 {(00:00} e6 {(00:00} 2. d4 {(00:11} d5 {(
00:00} 3. e5 {(00:13} c5 {(00:05} 4. c3 {(00:24} Nc6 {
(00:34} 5. Nf3 {(01:48} Bd7 {(00:32} 6. Bd3 {(
01:42} Qb6 {(03:44} 7. Bc2 {(00:13} cxd4 {(06:57} 8.
cxd4 {(00:17} Nb4 {(03:15} 9. Ba4 {(10:22} Bxa4 {
(19:31} 10. Qxa4+ {(00:29} Qc6 {(03:56} 11. Qxc6+ {
(02:26} Nxc6 {(10:32} 12. a3 {(03:44} Na5 {(08:
17} 13. Nbd2 {(04:53} Ne7 {(03:42} 14. b4 {(06:43} Nc4
{(00:56} 15. O-O {(02:07} Rc8 {(03:04} 16. Kh1 {
(05:45} h5 {(02:39} 17. Nb3 {(01:28} Nf5 {(03:
13} 18. Bg5 {(11:28} Be7 {(04:03} 19. Bxe7 {(03:16}
Kxe7 {(00:16} 20. Rfc1 {(06:57} Rc7 {(13:44} 21. Ra2 {
(01:45} Rhc8 {(01:16} 22. g3 {(00:58} Nb6 {(02:
19} 23. Nc5 {(02:18} Na4 {(02:28} 24. Raa1 {(00:58} b6
{(01:05} 25. Nd3 {(00:36} Rc4 {(01:51} 26. Rxc4 {
(02:33} dxc4 {(01:32} 27. Nde1 {(01:01} Nc3 {(
00:51} 28. Nc2 {(00:45} b5 {(01:01} 29. Kg2 {(00:38}
Nd5 {(00:45} 30. Nd2 {(00:59} Nc3 {(00:17} 31. f4 {
(01:57} Rd8 {(00:32} 32. Nf3 {(00:33} Ne2 {(00:
46} 33. Rd1 {(00:45} Nc3 {(00:10} 34. Rd2 {(01:10} Ra8
{(00:35} 35. h3 {(01:53} Nd5 {(00:21} 36. Kf2 {(
01:02} h4 {(00:43} 37. Ng5 {(02:14} Nxg3 {(01:03} 38.
Kf3 {(01:09} a5 {(00:25} 39. Ne4 {(03:18} Nxe4 {
(00:33} 40. Kxe4 {(00:00} axb4 {(00:00} 41. axb4 {
(01:04} Ra2 {(04:47} 42. f5 {(03:27} Nxb4 {(01:
35} 43. fxe6 {(00:26} Rxc2 {(01:49} 44. Rxc2 {(01:01}
Nxc2 {(00:05} 45. exf7 {(00:16} Nxd4 {(01:04} 46. Kxd4
{(00:30} Kxf7 {(00:06} 0-1

[Event "42nd Olympiad Baku 2016 Women"]
[Site "Baku"]
[Date "2016.09.02"]
[Round "1.23"]
[White "Ashley, Christiana Naa Merl"]
[Black "Varela La Madrid, Tilsia Carolina"]
[Result "0-1"]
[ECO "D04"]
[WhiteElo "1390"]
[BlackElo "2035"]
[PlyCount "90"]
[EventDate "2016.??.??"]
[EventCountry "AZE"]
[WhiteTeam "Ghana"]
[BlackTeam "Venezuela"]
[WhiteTeamCountry "GHA"]
[BlackTeamCountry "VEN"]
[TimeControl "40/5400+30:1800+30"]
[WhiteClock "1:06:31"]
[BlackClock "1:28:06"]

1. d4 {(00:00} d5 {(00:00} 2. Nf3 {(00:00} Nf6 {
(00:05} 3. e3 {(00:19} Bf5 {(00:20} 4. Bd3 {(00:
33} Bg6 {(00:12} 5. Nc3 {(00:33} Nbd7 {(01:31} 6. Bxg6
{(00:27} hxg6 {(00:00} 7. O-O {(00:13} e6 {(00:
00} 8. e4 {(00:28} Nxe4 {(00:01} 9. Nxe4 {(00:33} dxe4
{(00:06} 10. Ne5 {(01:09} Nxe5 {(00:59} 11. dxe5 {
(00:19} Qh4 {(01:00} 12. h3 {(00:44} Bc5 {(00:
51} 13. Qg4 {(01:07} Qxg4 {(00:06} 14. hxg4 {(00:16}
Rh4 {(00:07} 15. Be3 {(01:36} Bxe3 {(00:20} 16. fxe3 {
(00:32} Rxg4 {(00:12} 17. Rf4 {(00:51} Rxf4 {(
00:28} 18. exf4 {(00:12} Rd8 {(01:15} 19. Re1 {(01:10}
Rd2 {(00:08} 20. Rxe4 Rxc2 {(02:35} 21. Rb4 {(14:28} b6
{(00:11} 22. a4 {(00:21} a5 {(01:02} 23. Rb3 {(
02:35} Rc4 {(00:13} 24. Ra3 {(00:44} Rxf4 {(00:10} 25.
Rc3 {(02:04} Kd7 {(00:13} 26. Rd3+ {(00:23} Kc8 {
(00:20} 27. b3 {(00:26} Rf5 {(00:08} 28. Re3 {(
00:23} Kb7 {(00:19} 29. Re4 {(00:17} c5 {(01:40} 30.
g4 {(00:12} Rg5 {(00:05} 31. Kg2 {(00:31} f5 {(
00:39} 32. exf6 {(00:16} gxf6 {(00:05} 33. Kf3 {(00:33]
} e5 {(00:48} 34. Rc4 {(03:02} f5 {(00:35} 35. gxf5 {
(01:59} gxf5 {(00:15} 36. Rh4 {(01:37} Rg4 {(04:
43} 37. Rxg4 {(01:45} fxg4+ {(00:08} 38. Kxg4 {(00:06}
Kc6 {(00:10} 39. Kf5 {(00:06} Kd5 {(00:18} 40. Kg4 {
(00:51} Kd4 {(00:04} 41. Kf3 {(30:12} Kd3 {(30:
36} 42. Kf2 {(01:34} e4 {(00:09} 43. Ke1 {(00:08} e3 {
(00:41} 44. Kd1 {(00:20} e2+ {(00:06} 45. Ke1 {(
00:04} Ke3 0-1

[Event "42nd Olympiad Baku 2016 Women"]
[Site "Baku"]
[Date "2016.09.02"]
[Round "1.17"]
[White "Atalik, Ekaterina"]
[Black "Smith, Olivia"]
[Result "1-0"]
[ECO "D35"]
[WhiteElo "2422"]
[BlackElo "2002"]
[PlyCount "57"]
[EventDate "2016.??.??"]
[EventCountry "AZE"]
[WhiteTeam "Türkei"]
[BlackTeam "Wales"]
[WhiteTeamCountry "TUR"]
[BlackTeamCountry "WLS"]
[TimeControl "40/5400+30:1800+30"]
[WhiteClock "0:23:16"]
[BlackClock "0:02:59"]

1. d4 {(01:36} d5 {(00:00} 2. c4 {(00:07} e6 {(
00:00} 3. Nc3 {(00:14} Nf6 {(00:00} 4. cxd5 {(00:26}
exd5 {(00:00} 5. Bg5 {(00:14} Be7 {(00:35} 6. e3 {
(00:26} O-O {(00:19} 7. Bd3 {(00:36} Nbd7 {(13:
05} 8. Nf3 {(01:07} c5 {(04:01} 9. O-O {(02:26} h6 {
(04:57} 10. Bh4 {(01:57} b6 {(03:11} 11. Rc1 {(
05:58} Bb7 {(02:04} 12. Qc2 {(08:55} Rc8 {(07:44} 13.
Rfd1 {(03:38} c4 {(08:04} 14. Bf5 {(01:12} Ra8 {
(01:55} 15. Ne5 {(03:42} Nxe5 {(08:39} 16. dxe5 {
(00:19} Nd7 {(10:16} 17. Nxd5 {(05:12} Bxh4 {(
02:39} 18. Bxd7 {(02:12} Qg5 {(12:23} 19. f4 {(02:51}
Qh5 {(03:53} 20. Bf5 {(08:34} Bd8 {(01:25} 21. Be4 {
(01:10} b5 {(03:57} 22. Bf3 {(06:53} Qh4 {(01:
38} 23. Qe2 {(06:11} Bxd5 {(01:45} 24. Rxd5 {(00:27}
Rb8 {(04:00} 25. Rd7 {(05:51} f5 {(02:22} 26. g3 {
(01:25} Qh3 {(00:18} 27. Rcd1 {(00:59} Bb6 {(00:
52} 28. e6 {(00:50} Rbe8 {(00:59} 29. e7 {(05:46} 1-0

[Event "42nd Olympiad Baku 2016 Women"]
[Site "Baku"]
[Date "2016.09.02"]
[Round "1.21"]
[White "Atikankhotchasee, Manunthon"]
[Black "Golubenko, Valentina"]
[Result "0-1"]
[ECO "A20"]
[WhiteElo "1696"]
[BlackElo "2245"]
[PlyCount "70"]
[EventDate "2016.??.??"]
[EventCountry "AZE"]
[WhiteTeam "Thailand"]
[BlackTeam "Kroatien"]
[WhiteTeamCountry "THA"]
[BlackTeamCountry "CRO"]
[TimeControl "40/5400+30:1800+30"]
[WhiteClock "0:05:19"]
[BlackClock "0:01:42"]

1. c4 {(00:00} e5 {(00:53} 2. g3 {(04:05} Nf6 {(
03:27} 3. Bg2 {(00:41} Bc5 {(05:12} 4. e3 {(08:59} O-O
{(00:51} 5. Ne2 {(00:31} d5 {(02:10} 6. cxd5 {(
06:40} Nxd5 {(00:29} 7. O-O {(01:46} Nc6 {(03:22} 8.
Nbc3 {(06:43} Ndb4 {(03:42} 9. Na4 {(02:58} Be7 {
(01:15} 10. d4 {(01:47} exd4 {(03:03} 11. Nxd4 {
(09:18} Nxd4 {(03:00} 12. exd4 {(01:10} Bf5 {(
07:35} 13. Qf3 {(03:59} Qd7 {(02:36} 14. Be3 {(03:48}
Bd3 {(21:10} 15. Rfd1 {(14:14} Qxa4 {(02:27} 16. Qxb7 {
(02:18} Bd6 {(04:22} 17. b3 {(05:49} Qd7 {(05:
43} 18. a3 {(03:40} Ba6 {(03:07} 19. Qxa8 {(03:59}
Rxa8 {(00:05} 20. axb4 {(00:20} Be2 {(10:55} 21. Re1 {
(02:17} Re8 {(03:25} 22. Rxe2 {(00:32} Qb5 {(00:
19} 23. Rea2 {(03:44} Qxb4 {(00:28} 24. Bd5 {(00:45}
h5 {(02:02} 25. h4 {(00:51} Bxg3 {(02:17} 26. Rxa7 {
(02:36} Qc3 {(05:17} 27. Ra8 {(00:48} Rxa8 {(01:
16} 28. Rxa8+ {(00:13} Kh7 {(00:03} 29. Bxf7 {(01:21}
Bxh4 {(01:23} 30. Bg8+ {(00:27} Kg6 {(00:06} 31. Ra6+ {
(01:47} Bf6 {(00:08} 32. Bc4 {(00:37} h4 {(01:
31} 33. Kg2 {(01:00} Qc2 {(01:31} 34. Rc6 {(00:16}
Qe4+ {(00:14} 35. Kh3 {(02:12} Qxc6 {(00:24} 0-1

[Event "42nd Olympiad Baku 2016 Women"]
[Site "Baku"]
[Date "2016.09.02"]
[Round "1.31"]
[White "Avalos, Leticia"]
[Black "Kurbonboeva, Sarvinoz"]
[Result "0-1"]
[ECO "D31"]
[WhiteElo "1729"]
[BlackElo "2223"]
[PlyCount "54"]
[EventDate "2016.??.??"]
[EventCountry "AZE"]
[WhiteTeam "Paraguay"]
[BlackTeam "Usbekistan"]
[WhiteTeamCountry "PAR"]
[BlackTeamCountry "UZB"]
[TimeControl "40/5400+30:1800+30"]
[WhiteClock "0:40:33"]
[BlackClock "0:40:02"]

1. d4 {(00:00} d5 {(00:00} 2. c4 {(00:00} e6 {(
00:00} 3. Nc3 {(00:00} c6 {(00:00} 4. Nf3 {(01:57}
dxc4 {(00:13} 5. e3 {(03:16} b5 {(02:04} 6. a4 {
(04:12} Bb4 {(01:01} 7. Bd2 {(02:19} a5 {(01:05]
} 8. b3 {(03:30} Bxc3 {(02:49} 9. Bxc3 {(00:18} b4 {
(00:09} 10. Bd2 {(00:35} c3 {(01:08} 11. Bc1 {(
00:04} Ba6 {(02:37} 12. Bd3 {(01:24} Nf6 {(22:24} 13.
O-O {(02:21} Bxd3 {(05:01} 14. Qxd3 {(00:07} Qd5 {
(00:07} 15. Qd1 {(02:51} Nbd7 {(01:50} 16. Qc2 {
(05:36} c5 {(04:16} 17. Rd1 {(19:31} c4 {(11:01]
} 18. bxc4 {(00:30} Qxc4 {(00:06} 19. Ne5 {(00:10} Nxe5
{(03:42} 20. dxe5 {(02:56} b3 {(00:29} 21. Rd4 {
(08:43} Qxd4 {(00:42} 22. exd4 {(00:05} bxc2 {(
00:04} 23. exf6 {(00:09} gxf6 {(00:02} 24. Ra2 {(00:13]
} Kd7 {(01:04} 25. Rxc2 {(00:18} Rhc8 {(00:05} 26. Ba3
{(00:39} Rc4 {(01:01} 27. Bc5 {(01:13} e5 {(00:
28} 0-1

[Event "42nd Olympiad Baku 2016 Women"]
[Site "Baku"]
[Date "2016.09.02"]
[Round "1.26"]
[White "Badelka, Olga"]
[Black "Diaz, Maria M A"]
[Result "1-0"]
[ECO "A15"]
[WhiteElo "2222"]
[BlackElo "1928"]
[PlyCount "67"]
[EventDate "2016.??.??"]
[EventCountry "AZE"]
[WhiteTeam "Weißrussland"]
[BlackTeam "ARU"]
[WhiteTeamCountry "BLR"]
[TimeControl "40/5400+30:1800+30"]
[WhiteClock "0:38:45"]
[BlackClock "0:01:13"]

1. c4 {(00:00} Nf6 {(00:00} 2. g3 {(00:00} g6 {(
00:08} 3. Bg2 {(00:00} Bg7 {(00:13} 4. Nc3 {(00:00} d6
{(00:54} 5. e4 {(00:00} O-O {(00:23} 6. Nge2 {(
00:04} Nbd7 {(03:06} 7. O-O {(00:18} e5 {(02:55} 8. d3
{(00:10} c6 {(03:29} 9. h3 {(01:05} a5 {(03:56}
10. Be3 {(00:18} Ne8 {(11:37} 11. Qd2 {(02:24} f5 {
(05:07} 12. exf5 {(00:07} gxf5 {(00:04} 13. d4 {
(03:46} Nef6 {(25:17} 14. Bh6 {(01:32} Rf7 {(09:
09} 15. Rad1 {(02:36} Qf8 {(03:40} 16. Bxg7 {(00:24}
Qxg7 {(00:38} 17. dxe5 {(02:39} dxe5 {(00:14} 18. f4 {
(05:33} e4 {(11:30} 19. Qe3 {(00:38} Nf8 {(02:
34} 20. Nd4 {(05:05} Nh5 {(02:07} 21. Kh2 {(12:05} Qh6
{(02:51} 22. Na4 {(05:33} Rg7 {(03:51} 23. Ne2 {
(00:05} Nf6 {(00:35} 24. Kg1 {(00:10} Be6 {(00:
45} 25. b3 {(00:13} Bf7 {(01:19} 26. Rd6 {(07:49} Ne6
{(03:08} 27. Nc5 {(01:23} Nxc5 {(01:22} 28. Qxc5 {
(00:05} Qh5 {(01:42} 29. Nd4 {(05:25} Ne8 {(00:
37} 30. Rd7 {(04:28} Rxg3 {(00:46} 31. Nxf5 {(02:52}
Nf6 {(00:49} 32. Rxf7 {(00:21} Rxg2+ {(00:16} 33. Kxg2
{(00:01} Kxf7 {(00:15} 34. Qe7+ {(01:06} 1-0

[Event "42nd Olympiad Baku 2016 Women"]
[Site "Baku"]
[Date "2016.09.02"]
[Round "1.2"]
[White "Bakalarz, Grazyna"]
[Black "Zhao, Xue"]
[Result "0-1"]
[ECO "A47"]
[WhiteElo "1953"]
[BlackElo "2522"]
[PlyCount "48"]
[EventDate "2016.??.??"]
[EventCountry "AZE"]
[WhiteTeam "Luxemburg"]
[BlackTeam "China"]
[WhiteTeamCountry "LUX"]
[BlackTeamCountry "CHN"]
[TimeControl "40/5400+30:1800+30"]
[WhiteClock "0:05:42"]
[BlackClock "0:28:45"]

1. d4 {(00:00} Nf6 {(00:00} 2. Nf3 {(00:00} b6 {
(00:00} 3. g3 {(01:17} Bb7 {(04:25} 4. Bg2 {(00:
17} c5 {(00:11} 5. O-O {(08:35} cxd4 {(02:07} 6. Qxd4
{(09:13} g6 {(01:30} 7. Nc3 {(04:54} Bg7 {(00:
23} 8. Qa4 {(02:03} O-O {(03:48} 9. Bg5 {(08:28} d6 {
(14:38} 10. Rad1 {(05:37} Nbd7 {(00:25} 11. Rfe1 {
(06:24} a6 {(03:11} 12. Qh4 {(04:53} b5 {(02:44]
} 13. a3 {(04:39} Rc8 {(01:43} 14. e4 {(03:40} Rc5 {
(03:48} 15. e5 {(11:42} Bxf3 {(00:29} 16. Bxf3 {
(02:12} Nxe5 {(02:22} 17. Bg2 {(04:39} Re8 {(10:
43} 18. Be3 {(02:28} Rc4 {(03:13} 19. Rd4 {(04:09} Qc8
{(08:46} 20. Rxc4 {(01:10} Nxc4 {(00:14} 21. Bc1 {
(01:06} Nxa3 {(05:50} 22. Nd5 {(05:01} Nxd5 {(
00:07} 23. Bxd5 {(00:14} e6 {(00:05} 24. Qe4 {(03:37}
Nxc2 {(02:33} 0-1